 Dungeon Crawl Stone Soup version 0.18.1-50-g88ac8fd (webtiles) character file.

67 Chiseanne the Gusty (level 4, 0/33 HPs)
             Began as a Centaur Air Elementalist on Oct 11, 2016.
             Slain by a gnoll
             ... wielding a +0 spear
              (8 damage)
             ... on level 2 of the Dungeon.
             The game lasted 00:04:10 (2092 turns).

Chiseanne the Gusty (Centaur Air Elementalist)      Turns: 2092, Time: 00:04:10

Health: 0/33       AC:  4    Str: 15    XL:     4   Next: 0%
Magic:  1/7        EV:  9    Int: 15    God:
Gold:   86         SH:  0    Dex: 10    Spells: 1 memorised, 6 levels left

rFire  . . .     SeeInvis .     n - +0 short sword
rCold  . . .     Gourm    .     a - +0 robe
rNeg   . . .     Faith    .     (no shield)
rPois  .         Spirit   .     (no helmet)
rElec  .         Dismiss  .     (no cloak)
rCorr  .         Reflect  .     (no gloves)
SustAt .         Harm     .     (no barding)
MR     .....                    (no amulet)
Stlth  +.........               (no ring)
                                (no ring)

@: mighty, very quick, not resistant to hostile enchantments, very unstealthy
A: hooves 3, deformed body, speed 2, tough skin 3
a: no special abilities


You were on level 2 of the Dungeon.
You were not hungry.

You visited 1 branch of the dungeon, and saw 2 of its levels.

You collected 86 gold pieces.

Inventory:

Hand Weapons
 g - a cursed +0 hunting sling
 n - a +0 short sword (weapon)
 p - a cursed -1 dagger
Missiles
 f - 5 sling bullets
 h - 83 stones
 i - 6 tomahawks (quivered)
 k - 35 arrows
 q - 6 curare-tipped needles
Armour
 a - a +0 robe (worn)
Jewellery
 t - an uncursed ring of fire {unknown}
Scrolls
 j - a scroll of teleportation
 m - a scroll of fog
 s - a scroll of identify {unknown}
 u - a scroll of blinking {unknown}
Potions
 e - 2 potions of resistance {unknown}
 l - a potion of agility {unknown}
 o - a potion of flight {unknown}
Books
 b - a book of Air

   Spells                             Type                      Level
   a - Shock                          Conjuration/Air              1
   b - Swiftness                      Charms/Air                   2
   c - Repel Missiles                 Charms/Air                   2
   d - Static Discharge               Conjuration/Air              3
   e - Lightning Bolt                 Conjuration/Air              5
Comestibles
 c - 3 bread rations
 r - 2 chunks of flesh


   Skills:
 - Level 1.3 Dodging
 - Level 1.2 Stealth
 * Level 2.3 Spellcasting
 * Level 1.8 Conjurations
 * Level 3.4 Air Magic


You had 6 spell levels left.
You knew the following spells:

 Your Spells              Type           Power        Failure   Level  Hunger
a - Shock                 Conj/Air       #...         10%         1    #......


Dungeon Overview and Level Annotations

Branches:
Dungeon (2/15)

Altars:


Innate Abilities, Weirdness & Mutations

You have hooves in place of feet.
Armour fits poorly on your strangely shaped body.
You cover ground very quickly.
You have extremely tough skin (AC +3).


Message History

Casting: Shock
Confirm with . or Enter, or press ? or * to list all spells.
You don't have enough magic to cast that spell.
The gnoll barely misses you.
You hit the gnoll.
The gnoll is severely wounded.
The gnoll hits you with a halberd!
You hit the gnoll.
The gnoll is almost dead.
The gnoll hits you from afar with a spear.
* * * LOW HITPOINT WARNING * * *
The gnoll misses you.
You hit the gnoll.
The gnoll is almost dead.
The gnoll misses you. The gnoll closely misses you.
Drink which item? (? for menu, Esc to quit)
It was a potion of might.
You feel very mighty all of a sudden.
The gnoll hits you from afar with a spear!
You die...

### ..# #.# #.# ##########
.###.#########........###########
.............'...)......†........
.###.#########..@.....########.##
#...# #..g.....# ##.## #####.#
#.g......#######....
.#...#.#######..............#.g..
.............'..............#....
...#.#.#######..............#....
...#.#.# ########.......#....
...+.#+## ##......#.... ...##...#
#####......##'##


You could see 2 gnolls.

Vanquished Creatures
  2 gnolls (D:2)
  An adder (D:2)
  A worm (D:2)
  A dart slug (D:1)
  A giant gecko (D:1)
  4 bats
  2 giant cockroaches (D:2)
  5 goblins
  6 hobgoblins
  A quokka (D:2)
  A giant newt (D:1)
  3 kobolds
  4 rats (D:1)
32 creatures vanquished.

Notes
Turn   | Place    | Note
--------------------------------------------------------------
     0 | D:1      | Chiseanne the Centaur Air Elementalist began the quest for the Orb.
     0 | D:1      | Reached XP level 1. HP: 14/14 MP: 3/3
    22 | D:1      | Reached skill level 1 in Conjurations
   541 | D:1      | Reached XP level 2. HP: 20/20 MP: 0/4
   792 | D:1      | Reached skill level 3 in Air Magic
  1420 | D:2      | Reached XP level 3. HP: 24/26 MP: 0/6
  2006 | D:2      | Reached XP level 4. HP: 29/33 MP: 0/7
  2092 | D:2      | Slain by a gnoll

Skill      XL: |  1  2 |
---------------+-------+-----
Conjurations   | 1 |  1.8
Air Magic      | 3 |  3.4
Spellcasting   | 2 |  2.3
Dodging        | |  1.3
Stealth        | |  1.2

Action                   |  1- 3 |  4- 6 || total
-------------------------+-------+-------++-------
Melee: Dagger            |    42 |       ||    42
       Kick              |    15 |       ||    15
       Short sword       |    25 |     3 ||    28
 Cast: Shock             |    73 |     5 ||    78
  Use: Scroll            |     5 |       ||     5
       Potion            |       |     1 ||     1
  Eat: Chunk             |     4 |     1 ||     5
Armor: Robe              |    22 |       ||    22
Dodge: Dodged            |    38 |     4 ||    42
